 Dungeon Crawl Stone Soup version 0.21.1-1-g345015f (webtiles) character file.

18 WanderingOwl the Stinger (level 2, -2/19 HPs)
             Began as a Demonspawn Venom Mage on May 1, 2018.
             Slain by a worm (5 damage)
             ... on level 2 of the Dungeon.
             The game lasted 00:12:50 (1225 turns).

WanderingOwl the Stinger (Demonspawn Venom Mage)    Turns: 1225, Time: 00:12:51

Health: -2/19      AC:  5    Str:  8    XL:     2   Next: 48%
Magic:  2/5        EV: 10    Int: 16    God:
Gold:   70         SH:  0    Dex: 13    Spells: 4/5 levels left

rFire    . . .     SeeInvis .   r - +0 short sword (curse)
rCold    . . .     Gourm    .   (no shield)
rNeg     . . .     Faith    .   f - +0 ring mail
rPois    .         Spirit   .   (no helmet)
rElec    .         Reflect  .   (no cloak)
rCorr    .         Harm     .   (no gloves)
MR       .....                  (no boots)
Stlth    +.........             (no amulet)
HPRegen  0.06/turn              (no ring)
MPRegen  0.09/turn              (no ring)

@: very slightly contaminated
A: talons 1
a: no special abilities


You were on level 2 of the Dungeon.
You were not hungry.

You visited 1 branch of the dungeon, and saw 2 of its levels.

You collected 70 gold pieces.

Inventory:

Hand Weapons
 e - a +0 club
 i - a +0 club
 j - a +0 dagger
 p - a +0 dagger
 q - a +0 dagger
 r - a cursed +0 short sword (weapon)
 s - a +0 club
 t - a +0 club
 u - a +0 mace
 w - a +0 dagger
 x - a +0 dagger
Missiles
 n - 34 stones (quivered)
Armour
 a - a +0 robe
 f - a +0 ring mail (worn)
 l - a +0 leather armour
Scrolls
 d - 3 scrolls of teleportation {unknown}
 g - a scroll of enchant armour {unknown}
 k - a scroll of random uselessness {unknown}
 o - a scroll of fog {unknown}
 v - a scroll of immolation {unknown}
Potions
 h - a potion of degeneration {unknown}
 m - a potion of flight {unknown}
Books
 b - a Young Poisoner's Handbook

   Spells                             Type                      Level
   a - Sting                          Conjuration/Poison           1
   b - Poisonous Vapours              Poison/Air                   2
   c - Mephitic Cloud                 Conjuration/Poison/Air       3
   d - Olgreb's Toxic Radiance        Poison                       4
   e - Venom Bolt                     Conjuration/Poison           5
Comestibles
 c - a ration


   Skills:
 + Level 0.1 Armour
 + Level 1.7 Dodging
 + Level 2.0 Stealth
 * Level 2.1 Spellcasting
 + Level 1.0 Conjurations
 * Level 3.6 Poison Magic


You had 4 spell levels left.
You knew the following spells:

 Your Spells              Type           Power        Failure   Level  Hunger
a - Sting                 Conj/Pois      #...         24%         1    #......


Dungeon Overview and Level Annotations

Branches:
Dungeon (2/15)

Altars:
The Shining One


Innate Abilities, Weirdness & Mutations

You have sharp toenails.


Message History

Aiming: Sting
Press: ? - help, Shift-Dir - straight line, f/p - worm
Aim: a worm You miscast Sting.
You are very lightly contaminated with residual magic.
Nothing appears to happen.
The worm bites you.
* * * LOW HITPOINT WARNING * * *
You hit the bat. Your kick misses the bat.
The bat is heavily wounded.
The bat hits you but does no damage. The quokka barely misses you.
You hit the worm. You claw the worm.
The worm is moderately wounded.
The bat closely misses you. The worm barely misses you.
The quokka barely misses you.
You hit the worm.
The worm is heavily wounded.
The bat hits you but does no damage. The bat completely misses you.
The quokka closely misses you. The worm bites you.
You die...

#.#.................#.#.
#.########(............
#.........>....†......
##########)#........# #
#.#........#.#.
#.######.......
#.....b......#
#####w...##.## +.@..#
#.r.## #!..# ......
........ #.........
............
######.......


You could see a worm, a quokka and a bat.

Vanquished Creatures
  A giant cockroach (D:1)
  3 goblins
  3 hobgoblins (D:1)
  A bat (D:1)
  A frilled lizard (D:1)
  5 kobolds
  2 rats (D:1)
16 creatures vanquished.

Notes
Turn   | Place    | Note
-------+----------+-------------------------------------------
     0 | D:1      | WanderingOwl the Demonspawn Venom Mage began the quest for the Orb.
     0 | D:1      | Reached XP level 1. HP: 13/13 MP: 3/3
   241 | D:1      | Found a glowing golden altar of the Shining One.
   475 | D:1      | Gained mutation: You have sharp toenails. [demonic ancestry]
   475 | D:1      | Reached XP level 2. HP: 19/19 MP: 0/5
  1225 | D:2      | Slain by a worm

Skill      XL: |  1  2 |
---------------+-------+-----
Stealth        | 2 |  2.0
Armour         | |  0.1
Dodging        | |  1.7
Spellcasting   | |  2.1
Conjurations   | |  1.0
Poison Magic   | |  3.6

Action                   || total
-------------------------++-------
Melee: Club              ||     2
       Short sword       ||    14
       Kick              ||     3
 Cast: Sting             ||    21
  Eat: Ration            ||     1
Armor: Ring mail         ||     5
Dodge: Dodged            ||    17
